 Dungeon Crawl Stone Soup version 0.20.2-3-g29329e0561 (webtiles) character file.

170 Alfie the Covered (level 5, 0/47 HPs)
             Began as a Minotaur Fighter on Nov 9, 2020.
             Killed from afar by an orc wizard (4 damage)
             ... with a magic dart
             ... on level 4 of the Dungeon.
             The game lasted 00:05:46 (2087 turns).

Alfie the Covered (Minotaur Fighter)                Turns: 2087, Time: 00:05:46

Health: 0/47       AC:  7    Str: 20 (22) XL:     5   Next: 26%
Magic:  4/4        EV:  8    Int:  4 (5)  God:
Gold:   169        SH:  9    Dex:  8 (9)  Spells: 4/4 levels left

rFire    . . .     SeeInvis .   a - +2 long sword
rCold    . . .     Gourm    .   c - +0 shield
rNeg     . . .     Faith    .   b - +0 scale mail
rPois    .         Spirit   .   (helmet restricted)
rElec    .         Reflect  .   (no cloak)
rCorr    .         Harm     .   (no gloves)
MR       +....                  (no boots)
Stlth    ..........             (no amulet)
Regen    0.2/turn               o - ring of protection from magic
MPRegen  0.1/turn               (no ring)

@: lethally poisoned (0 -> -5)
A: retaliatory headbutt, horns 2
a: no special abilities


You were on level 4 of the Dungeon.
You were not hungry.

You visited 1 branch of the dungeon, and saw 4 of its levels.

You collected 169 gold pieces.

Inventory:

Hand Weapons
 a - a +2 long sword (weapon)
Armour
 b - a +0 scale mail (worn)
 c - a +0 shield (worn)
Jewellery
 o - a ring of protection from magic (left hand)
 q - an uncursed amulet of rage
 s - an uncursed ring of see invisible {unknown}
Scrolls
 h - a scroll of teleportation
 j - a scroll of remove curse
 n - a scroll of identify
 p - a scroll of enchant weapon
Potions
 d - 2 potions of might
 e - a potion of cancellation
Comestibles
 f - 4 bread rations
 i - a fruit
 k - 2 meat rations


   Skills:
 + Level 4.3 Fighting
 + Level 4.2 Long Blades
 + Level 4.6 Armour
 + Level 1.4 Dodging
 + Level 0.3 Stealth
 + Level 4.4 Shields


You had 4 spell levels left.
You didn't know any spells.

Dungeon Overview and Level Annotations

Branches:
Dungeon (4/15)
 Temple: D:4-7

Altars:
Kikubaaqudgha
Qazlal
The Shining One


Innate Abilities, Weirdness & Mutations

You reflexively headbutt those who attack you in melee.
You have a pair of horns on your head.


Message History

* * * LOW HITPOINT WARNING * * *
You closely miss the orc.
You feel sick. The orc hits you.
* * * LOW HITPOINT WARNING * * *
The orc wizard hits you but does no damage.
You are lethally poisoned!
You block the orc's attack.
You slash the orc!
You kill the orc!
* * * LOW HITPOINT WARNING * * *
You feel sick. You block the orc wizard's attack.
The orc wizard gestures wildly while chanting.
The orc wizard blinks!
Things that are here:
a leather armour; an orc corpse
Okay, then.
* * * LOW HITPOINT WARNING * * *
You feel sick.
The orc wizard points at you and mumbles some strange words.
The magic dart hits you!
You die...

.≈_>≈≈≈........#......<
..≈.+≈.⌠≈#.........+.....^.
.....≈≈≈≈#.........#.......
..?.#≈≈≈##.........#.......
....≈≈≈≈...........#.......
....≈≈......##..##.####+#
...≈.......##..##
##.###[........
#...§@........
#####......... #o........
#....##... #....# ...
###### ..


You could see an orc wizard.

Vanquished Creatures
  A bullfrog skeleton (D:4)
  An orc wizard (D:4)
  4 adders
  An ooze (D:3)
  4 worms
  A dart slug (D:2)
  3 leopard geckos
  3 orcs (D:4)
  3 giant cockroaches (D:3)
  8 goblins
  4 hobgoblins
  9 kobolds
  A quokka (D:3)
  3 bats
  5 frilled lizards
  8 rats
59 creatures vanquished.

Notes
Turn   | Place    | Note
-------+----------+-------------------------------------------
     0 | D:1      | Alfie the Minotaur Fighter began the quest for the Orb.
     0 | D:1      | Reached XP level 1. HP: 19/19 MP: 0/0
   272 | D:1      | Reached XP level 2. HP: 27/27 MP: 1/1
   831 | D:2      | Found a glowing golden altar of the Shining One.
   859 | D:2      | Reached XP level 3. HP: 31/33 MP: 2/2
  1458 | D:3      | Found an ancient bone altar of Kikubaaqudgha.
  1515 | D:3      | Reached XP level 4. HP: 30/40 MP: 3/3
  2007 | D:4      | Reached XP level 5. HP: 18/47 MP: 4/4
  2059 | D:4      | Found a stormy altar of Qazlal.
  2079 | D:4      | Reached skill level 1 in Dodging
  2087 | D:4      | Killed from afar by an orc wizard

Skill      XL: |  1  2  3  4  5 |
---------------+----------------+-----
Fighting       | 4 |  4.3
Shields        | 4 |  4.4
Armour         | 4 |  4.6
Long Blades    | 3 4 |  4.2
Dodging        | 1 |  1.4
Stealth        | |  0.3

Action                   |  1- 3 |  4- 6 || total
-------------------------+-------+-------++-------
Melee: Long sword        |    80 |    46 ||   126
       Headbutt          |    15 |     9 ||    24
  Use: Scroll            |     8 |     3 ||    11
       Potion            |       |     5 ||     5
  Eat: Fruit             |     2 |     2 ||     4
Armor: Scale mail        |    36 |    19 ||    55
Dodge: Dodged            |    13 |    11 ||    24
Block: Shield            |    41 |    24 ||    65
       Rpst.: Long sword |     7 |     2 ||     9
